[Event "Titled Tuesday Blitz January 10 Early 2023"]
[White "Quinones Garcia, Santiago"]
[Black "Galchenko, Matvey"]
[WhiteFideId "4408497"]
[BlackFideId "24175480"]
[WhiteElo "2248"]
[BlackElo "2438"]
[Result "0-1"]
[Round "03"]
[TimeControl "180+2"]
[Date "2023.01.10"]
[WhiteClock "0:00:03"]
[BlackClock "0:00:23"]

1. d4 Nf6 2. c4 c5 3. Nf3 cxd4 4. Nxd4 e5 5. Nb5 d5 6. cxd5 Bc5 7. e3 O-O 8. Be2 e4 9. N1c3 a6 10. Nd4 Qe7 11. a3 Rd8 12. b4 Bd6 13. Qb3 Qe5 14. Bb2 Nbd7 15. O-O-O Nb6 16. Kb1 Bd7 17. h3 Rac8 18. Rd2 Nbxd5 19. Nxd5 Qxd5 20. Qxd5 Nxd5 21. Nc2 Ba4 22. Rhd1 Be7 23. Rxd5 Bxc2+ 24. Ka2 Bxd1 25. Rxd1 Rc2 26. Rxd8+ Bxd8 27. Bg4 Bf6 0-1


[Site "https://www.chess.com"]

[Event "Titled Tuesday Blitz January 10 Early 2023"]
[White "Sadhwani, Raunak"]
[Black "Jovic, Stanoje"]
[WhiteFideId "35093487"]
[BlackFideId "905020"]
[WhiteElo "2627"]
[BlackElo "2075"]
[Result "1-0"]
[Round "03"]
[TimeControl "180+2"]
[Date "2023.01.10"]
[WhiteClock "0:00:23"]
[BlackClock "0:00:07"]

1. e4 c6 2. Nf3 d5 3. Nc3 dxe4 4. Nxe4 Nf6 5. Qe2 Nxe4 6. Qxe4 g6 7. d4 Bg7 8. Qh4 O-O 9. Bh6 e6 10. Qf4 Qa5+ 11. c3 Nd7 12. Be2 e5 13. dxe5 Nxe5 14. O-O Nxf3+ 15. Bxf3 Be6 16. Rfe1 Rad8 17. h4 Rd7 18. h5 Qf5 19. Qe3 gxh5 20. Bxg7 Kxg7 21. Qxa7 Rfd8 22. Be4 Qg5 23. a4 h4 24. Qe3 Qxe3 25. Rxe3 Rd2 26. b4 Rb2 27. Rd3 Rxd3 28. Bxd3 Rb3 29. Rc1 Bd5 30. Kh2 h6 31. a5 Kf6 32. Be2 Rb2 33. c4 Rxe2 34. cxd5 cxd5 35. Rc7 Rxf2 36. Rxb7 d4 37. a6 Ra2 38. b5 d3 39. Rd7 d2 40. Rxd2 Rxd2 41. a7 Ra2 42. b6 Kg5 43. b7 1-0


[Site "https://www.chess.com"]

[Event "Titled Tuesday Blitz January 10 Early 2023"]
[White "Taboas Rodriguez, Daniel"]
[Black "Martinez Alcantara, Jose Eduardo"]
[WhiteFideId "2208466"]
[BlackFideId "3805662"]
[WhiteElo "2371"]
[BlackElo "2619"]
[Result "1/2-1/2"]
[Round "03"]
[TimeControl "180+2"]
[Date "2023.01.10"]
[WhiteClock "0:00:18"]
[BlackClock "0:00:19"]

1. d4 Nf6 2. Nf3 e6 3. c4 Bb4+ 4. Nbd2 b6 5. a3 Bxd2+ 6. Bxd2 Bb7 7. Bg5 h6 8. Bh4 d6 9. Nd2 Nbd7 10. f3 a5 11. b3 e5 12. d5 Qe7 13. e4 Nf8 14. Bf2 Ng6 15. g3 O-O 16. Bh3 Bc8 17. Bxc8 Rfxc8 18. O-O Rf8 19. b4 Nd7 20. Qc2 Qg5 21. Qd3 Nf4 22. Qe3 Nh3+ 23. Kg2 Nxf2 24. Qxg5 hxg5 25. Kxf2 g6 26. Ke2 Kg7 27. Rh1 Rh8 28. h3 Ra7 29. b5 Nc5 30. Rh2 Raa8 31. Rah1 Raf8 32. h4 gxh4 33. Rxh4 Rxh4 34. Rxh4 Na4 35. Ke3 Nc5 36. f4 Nd7 37. Nf3 Re8 38. f5 Nf6 39. Ng5 Rg8 40. g4 gxf5 41. gxf5 Kf8 42. Nh7+ Nxh7 43. Rxh7 Ke7 44. Kf3 Rg1 45. Rh8 Rc1 46. Rh6 Rc3+ 47. Kg4 Rxc4 48. f6+ Kd7 49. Kf5 Rc1 50. Rh7 Rf1+ 51. Kg5 Rg1+ 52. Kf5 Rf1+ 53. Kg5 Rg1+ 54. Kf5 Rf1+ 1/2-1/2


[Site "https://www.chess.com"]

[Event "Titled Tuesday Blitz January 10 Early 2023"]
[White "Tasev, Dejan"]
[Black "Svane, Rasmus"]
[WhiteFideId "936618"]
[BlackFideId "4657101"]
[WhiteElo "2205"]
[BlackElo "2623"]
[Result "0-1"]
[Round "03"]
[TimeControl "180+2"]
[Date "2023.01.10"]
[WhiteClock "0:00:16"]
[BlackClock "0:00:17"]

1. e4 c6 2. d4 d5 3. Nc3 dxe4 4. Nxe4 Nf6 5. Nxf6+ exf6 6. c3 Bd6 7. Bd3 O-O 8. Ne2 Re8 9. Qc2 h5 10. h3 Be6 11. O-O Qc7 12. Bd2 Nd7 13. f4 Nb6 14. c4 c5 15. d5 Bd7 16. Ng3 h4 17. Ne2 f5 18. Rae1 g6 19. b3 Bf8 20. Bc3 Bg7 21. Bxg7 Kxg7 22. Qc3+ f6 23. Kh1 Re3 24. Ng1 Rae8 25. Rxe3 Rxe3 26. Qd2 Re8 27. Nf3 Rh8 28. Re1 Nc8 29. Bc2 Qd6 30. Bd3 b6 31. a4 a5 32. Kg1 Kf7 33. Ne5+ Kg7 34. Nf3 Kg8 35. Kf2 Qf8 36. Qe3 Nd6 37. Kg1 Rh7 38. Qf2 Qh6 39. Qe3 Kf8 40. Kf2 Nc8 41. Qd2 Re7 42. Rxe7 Kxe7 43. Qe3+ Kd8 44. Qe2 Qxf4 45. Qe3 Qxe3+ 46. Kxe3 g5 47. Kf2 Nd6 48. g3 hxg3+ 49. Kxg3 f4+ 50. Kg2 Ke7 51. Kh2 Kf8 52. Kg2 Kg7 53. Kh2 Kh6 54. Kg2 Be8 55. Nh2 f5 56. Nf3 Kg6 57. Ne5+ Kf6 58. Nf3 Bh5 59. Ne1 Ke5 60. Kf2 Ne8 61. Bf1 Nf6 62. Nd3+ Kd4 63. Ne1 Ne4+ 64. Kg1 Ke3 65. Ng2+ Kd2 66. h4 f3 67. hxg5 fxg2 68. Bxg2 Nxg5 69. Kf2 f4 70. d6 f3 71. d7 Ne6 72. Bxf3 Bxf3 73. Kxf3 Kd3 74. Kg4 Ke4 75. Kh5 Ke5 76. Kh6 Kd6 77. Kg6 Kxd7 78. Kf5 Nd4+ 0-1


[Site "https://www.chess.com"]

[Event "Titled Tuesday Blitz January 10 Early 2023"]
[White "Tomashevsky, Evgeny"]
[Black "Tologon tegin, Semetei"]
[WhiteFideId "4147235"]
[BlackFideId "13800574"]
[WhiteElo "2694"]
[BlackElo "2372"]
[Result "1-0"]
[Round "03"]
[TimeControl "180+2"]
[Date "2023.01.10"]
[WhiteClock "0:01:06"]
[BlackClock "0:00:05"]

1. d4 Nf6 2. g3 e6 3. Bg2 c5 4. Nf3 cxd4 5. Nxd4 Nc6 6. O-O Be7 7. c4 O-O 8. Nc3 a6 9. Bf4 Nxd4 10. Qxd4 d6 11. Qd3 Qc7 12. Rac1 Rd8 13. Rfd1 h6 14. c5 e5 15. cxd6 Rxd6 16. Bxe5 Rxd3 17. Bxc7 Rxd1+ 18. Rxd1 Be6 19. a3 Rc8 20. Bd6 Bxd6 21. Rxd6 Rc7 22. Rb6 Bc8 23. f4 Kf8 24. Nd5 Nxd5 25. Bxd5 Ke7 26. Kf2 f6 27. Ke3 Kd8 28. Kd2 Rd7 29. e4 Kc7 30. Rb3 f5 31. Rc3+ Kb8 32. Ke3 Rd8 33. Rd3 fxe4 34. Bxe4 Re8 35. Rd5 Kc7 36. Re5 Rxe5 37. fxe5 b6 38. Kd4 Be6 39. Bd5 Bh3 40. Bc4 a5 41. Kd5 Kd7 42. Bb5+ Kc7 43. e6 Bg4 44. e7 1-0


[Site "https://www.chess.com"]

[Event "Titled Tuesday Blitz January 10 Early 2023"]
[White "Tari, Aryan"]
[Black "Hamley, Ryan"]
[WhiteFideId "1510045"]
[BlackFideId "30959497"]
[WhiteElo "2642"]
[BlackElo "2092"]
[Result "1/2-1/2"]
[Round "03"]
[TimeControl "180+2"]
[Date "2023.01.10"]
[WhiteClock "0:00:11"]
[BlackClock "0:00:18"]

1. e4 e5 2. Nf3 Nc6 3. Nc3 Nf6 4. a3 a6 5. d4 exd4 6. Nxd4 d6 7. Bc4 g6 8. O-O Bg7 9. Nxc6 bxc6 10. e5 dxe5 11. Qxd8+ Kxd8 12. Bxf7 Ke7 13. Bb3 Be6 14. Re1 Bxb3 15. cxb3 Kf7 16. Be3 Nd5 17. Nxd5 cxd5 18. Rac1 Rhc8 19. Rc6 Ke7 20. Rec1 Kd7 21. Bd2 e4 22. Bf4 Bxb2 23. Rxc7+ Rxc7 24. Rxc7+ Ke6 25. a4 Be5 26. Bxe5 Kxe5 27. Rxh7 Rb8 28. Re7+ Kf6 29. Ra7 Rxb3 30. Rxa6+ Ke5 31. Kf1 d4 32. Ra5+ Kf4 33. Ke2 Rb2+ 34. Ke1 d3 35. Rd5 Rb1+ 36. Kd2 Rb2+ 37. Ke1 Re2+ 38. Kf1 Ra2 39. Ke1 Rxa4 40. Rd8 Ra1+ 41. Kd2 Ra2+ 42. Ke1 Ke5 43. Re8+ Kd4 44. Rd8+ Kc5 45. f3 Rxg2 46. fxe4 Re2+ 47. Kd1 Rxh2 48. Rxd3 Rh4 49. Rd5+ Kc6 50. Rd4 Kc5 51. Ra4 Kb5 52. Rd4 Kc5 53. Ra4 1/2-1/2


[Site "https://www.chess.com"]

[Event "Titled Tuesday Blitz January 10 Early 2023"]
[White "Djokovic, Nebojsa"]
[Black "Molina, Roberto Junio Brito"]
[WhiteFideId "938300"]
[BlackFideId "2109450"]
[WhiteElo "2119"]
[BlackElo "2403"]
[Result "1-0"]
[Round "03"]
[TimeControl "180+2"]
[Date "2023.01.10"]
[WhiteClock "0:00:21"]
[BlackClock "0:00:14"]

1. e4 c6 2. Nf3 d5 3. Nc3 dxe4 4. Nxe4 Bg4 5. d4 Bxf3 6. Qxf3 Qxd4 7. Be3 Qxb2 8. Bc4 Qb4+ 9. Nd2 Nf6 10. Rb1 Qd6 11. Rxb7 Nbd7 12. O-O e6 13. Rd1 Ne5 14. Qe2 Qa3 15. Nb3 Qa4 16. Rd4 Nxc4 17. Rxc4 Qa6 18. Rc7 Ba3 19. R7xc6 Qb7 20. Rc7 Qd5 21. Rc8+ Ke7 22. R8c7+ Nd7 23. Rd4 1-0


[Site "https://www.chess.com"]

[Event "Titled Tuesday Blitz January 10 Early 2023"]
[White "Xu, Yi"]
[Black "Klose, Eli"]
[WhiteFideId "8605564"]
[BlackFideId "16242955"]
[WhiteElo "2527"]
[BlackElo "1519"]
[Result "1-0"]
[Round "03"]
[TimeControl "180+2"]
[Date "2023.01.10"]
[WhiteClock "0:00:53"]
[BlackClock "0:00:04"]

1. e4 e6 2. d4 d5 3. e5 c5 4. c3 Qb6 5. Nf3 Bd7 6. Be2 Bb5 7. dxc5 Bxc5 8. b4 Bf8 9. O-O Bxe2 10. Qxe2 Nc6 11. a4 Nge7 12. a5 Qc7 13. Bf4 Ng6 14. Bg3 Be7 15. a6 b6 16. Na3 O-O 17. Nb5 Qd7 18. h4 f6 19. exf6 Bxf6 20. h5 Nge7 21. Rae1 Nf5 22. Qxe6+ Qxe6 23. Rxe6 Nxg3 24. fxg3 Rac8 25. Rd1 Rfd8 26. Nd6 Rc7 27. Ne8 Rcc8 28. Nxf6+ gxf6 29. Rxf6 d4 30. Nxd4 Nxd4 31. Rxd4 Rxd4 32. cxd4 Rc4 33. Rd6 Rxb4 34. Rd7 h6 35. Rxa7 Rxd4 36. Rb7 Ra4 37. a7 b5 38. Rb8+ Kf7 39. a8=Q 1-0


[Site "https://www.chess.com"]

[Event "Titled Tuesday Blitz January 10 Early 2023"]
[White "Yelisieiev, Yevhenii"]
[Black "Ter-Sahakyan, Samvel"]
[WhiteFideId "14139642"]
[BlackFideId "13302531"]
[WhiteElo "2418"]
[BlackElo "2617"]
[Result "0-1"]
[Round "03"]
[TimeControl "180+2"]
[Date "2023.01.10"]
[WhiteClock "0:00:04"]
[BlackClock "0:01:06"]

1. d4 Nf6 2. Nf3 d5 3. c4 e6 4. Nc3 Bb4 5. Bg5 h6 6. Bxf6 Qxf6 7. Qb3 c5 8. dxc5 Nc6 9. e3 O-O 10. a3 Bxc3+ 11. Qxc3 Qxc3+ 12. bxc3 dxc4 13. Bxc4 Na5 14. Bb5 Nb3 15. Rd1 Nxc5 16. Ne5 a6 17. Be2 f6 18. Nc4 b5 19. Nb6 Rb8 20. Nxc8 Rfxc8 21. c4 b4 22. axb4 Rxb4 23. O-O a5 24. Ra1 a4 25. Ra2 Kf7 26. f3 Rcb8 27. Rfa1 Rb1+ 28. Rxb1 Rxb1+ 29. Kf2 Ke7 30. e4 Kd6 31. Ke3 Kc6 32. g3 Kb6 33. Kd4 e5+ 34. Kc3 Rb3+ 35. Kd2 Ka5 36. Bd1 Rb1 37. Kc2 Rb3 38. Kd2 Rd3+ 39. Ke2 a3 40. Bc2 Rc3 41. Bd1 Kb4 42. Kd2 Rxc4 43. Be2 Nb3+ 44. Ke3 Rc3+ 45. Kf2 Nd4 46. Bd1 Rc1 47. Ke1 Nxf3+ 48. Ke2 Nd4+ 49. Kd2 Rb1 50. Kd3 Rxd1+ 0-1


[Site "https://www.chess.com"]

[Event "Titled Tuesday Blitz January 10 Early 2023"]
[White "Kukelko, Alexey"]
[Black "Indjic, Aleksandar"]
[WhiteFideId "14153084"]
[BlackFideId "911925"]
[WhiteElo "2311"]
[BlackElo "2618"]
[Result "0-1"]
[Round "03"]
[TimeControl "180+2"]
[Date "2023.01.10"]
[WhiteClock "0:00:05"]
[BlackClock "0:01:04"]

1. e4 c6 2. d4 d5 3. e5 Bf5 4. h4 h5 5. Bd3 Bxd3 6. Qxd3 Qa5+ 7. Bd2 Qa6 8. e6 Qxd3 9. exf7+ Kxf7 10. cxd3 Nd7 11. Nf3 e6 12. Ng5+ Kf6 13. Bc3 Nh6 14. Nd2 Nf7 15. f4 Bd6 16. g3 Nxg5 17. hxg5+ Kf7 18. Nf3 Nb6 19. Kf2 Raf8 20. Rae1 Nc8 21. Re2 Re8 22. Nh4 g6 23. Rhe1 Rhg8 24. Nf3 b6 25. b4 a6 26. a4 Rgf8 27. Kg2 Bb8 28. Rb1 Ne7 29. Nh4 Nf5 30. Nxf5 exf5 31. Rbe1 Rxe2+ 32. Rxe2 Bd6 33. Kf3 Rh8 34. Be1 Rc8 35. Rc2 Ke6 36. Bd2 Kd7 37. Be1 c5 38. bxc5 bxc5 39. dxc5 Rxc5 40. Rxc5 Bxc5 41. Bc3 d4 42. Ba5 Ba3 43. Bb6 Bb2 44. Ke2 Kc6 45. Ba5 Kc5 46. Kd1 Bc3 47. Bxc3 dxc3 48. Kc2 Kb4 49. d4 Kxa4 50. Kxc3 Kb5 51. Kb3 Kc6 52. Kb4 Kd5 53. Kc3 a5 54. Kd3 a4 0-1


[Site "https://www.chess.com"]

[Event "Titled Tuesday Blitz January 10 Early 2023"]
[White "Mihajlov, Sebastian"]
[Black "Kosakowski, Jakub"]
[WhiteFideId "1512110"]
[BlackFideId "1185080"]
[WhiteElo "2373"]
[BlackElo "2485"]
[Result "0-1"]
[Round "03"]
[TimeControl "180+2"]
[Date "2023.01.10"]
[WhiteClock "0:00:07"]
[BlackClock "0:00:05"]

1. e4 c6 2. d4 d5 3. exd5 cxd5 4. Bd3 Nc6 5. c3 Qc7 6. h3 e5 7. dxe5 Nxe5 8. Nf3 Nxd3+ 9. Qxd3 Bd6 10. O-O Ne7 11. Re1 O-O 12. Nbd2 Bf5 13. Qe3 Rfe8 14. Nb3 h6 15. Nbd4 Bd7 16. Bd2 a6 17. Qd3 Qc4 18. Qc2 Ng6 19. Nf5 Bf8 20. N3d4 Rac8 21. b3 Qc7 22. Qd3 Qb6 23. Qg3 Qf6 24. Ne3 Be6 25. Ng4 Bxg4 26. Qxg4 Bd6 27. Nf5 Bb8 28. h4 Kh7 29. h5 Ne5 30. Qh3 Re6 31. Nd4 Ree8 32. Nf5 Ba7 33. Be3 Bxe3 34. Rxe3 Nc6 35. Rg3 Rg8 36. Nxg7 Ne7 37. Re1 Rxg7 38. Rxg7+ Kxg7 39. Rxe7 Rxc3 40. Qc8 Rxc8 0-1


[Site "https://www.chess.com"]

[Event "Titled Tuesday Blitz January 10 Early 2023"]
[White "Rodriguez Fontecha, Marcos"]
[Black "Shipov, Sergei"]
[WhiteFideId "2256576"]
[BlackFideId "4113624"]
[WhiteElo "2309"]
[BlackElo "2541"]
[Result "0-1"]
[Round "03"]
[TimeControl "180+2"]
[Date "2023.01.10"]
[WhiteClock "0:00:03"]
[BlackClock "0:00:07"]

1. Nf3 d5 2. d4 e6 3. Bf4 Nf6 4. e3 c5 5. c3 Nc6 6. Nbd2 Nh5 7. Bg5 f6 8. Bh4 g6 9. e4 cxd4 10. exd5 dxc3 11. dxc6 cxd2+ 12. Qxd2 Qxd2+ 13. Nxd2 g5 14. cxb7 Bxb7 15. Bg3 Bb4 16. a3 Bxd2+ 17. Kxd2 Rd8+ 18. Kc3 O-O 19. Re1 Rc8+ 20. Kb4 Bd5 21. Ba6 Nxg3 22. hxg3 Rc2 23. Bd3 Rxb2+ 24. Kc5 Rf7 25. Rb1 Rxb1 26. Rxb1 Bxg2 27. Kd6 Bd5 28. f4 gxf4 29. gxf4 h5 30. f5 Rb7 31. Rg1+ Kf8 32. fxe6 Bb3 33. Bg6 Rb6+ 34. Kc7 Bxe6 35. Bxh5 Ra6 36. Rg3 Ra5 37. Be2 Kf7 38. Re3 Rc5+ 39. Kb7 Ra5 40. Bf3 f5 41. Bc6 Kf6 42. Rh3 f4 43. Rh6+ Ke7 44. Rh7+ Kd6 45. Be8 Rxa3 46. Rh6 Ke5 47. Rh5+ Kd4 48. Rh4 Ke3 49. Rh6 Bd5+ 50. Kc7 f3 51. Bh5 Rc3+ 52. Kd6 Be4 53. Re6 Rc6+ 54. Kd7 Rxe6 55. Kxe6 f2 0-1


[Site "https://www.chess.com"]

[Event "Titled Tuesday Blitz January 10 Early 2023"]
[White "Bartel, Mateusz"]
[Black "Soham Kamotra"]
[WhiteFideId "1112635"]
[BlackFideId "46647490"]
[WhiteElo "2609"]
[BlackElo "2319"]
[Result "1-0"]
[Round "03"]
[TimeControl "180+2"]
[Date "2023.01.10"]
[WhiteClock "0:00:08"]
[BlackClock "0:00:02"]

1. Nf3 Nf6 2. c4 b6 3. g3 Bb7 4. Bg2 e6 5. b3 Be7 6. Bb2 O-O 7. O-O d5 8. cxd5 exd5 9. e3 c5 10. Nc3 Re8 11. Ne2 Nbd7 12. Nf4 Nf8 13. d4 Ne6 14. Nxe6 fxe6 15. Rc1 Bd6 16. Qd3 Qe7 17. Rfd1 Rf8 18. dxc5 bxc5 19. Nd2 Ng4 20. f4 a5 21. Ne4 Ba6 22. Qd2 Rac8 23. Nxd6 Qxd6 24. h3 Nf6 25. Qxa5 Bb7 26. e4 Ra8 27. Qxc5 Qxc5+ 28. Rxc5 Rxa2 29. Bxf6 Rxf6 30. exd5 Bxd5 31. Bxd5 exd5 32. Rcxd5 Rb6 33. Rd8+ Kf7 34. R1d7+ Kf6 35. Rd6+ Rxd6 36. Rxd6+ Kf5 37. Rd5+ Ke4 38. Re5+ Kf3 39. h4 g6 40. Rg5 Rb2 41. h5 gxh5 42. f5 Rxb3 43. f6 Rb8 44. f7 Rf8 45. Rg7 h4 46. g4 h6 47. Kh2 Kf4 48. Kh3 Ke5 49. Kxh4 Ke6 50. Kh5 Ke7 51. Kxh6 Rh8+ 52. Kg6 Rh1 53. Rg8 Rf1 54. Re8+ Kd7 55. f8=Q 1-0


[Site "https://www.chess.com"]

[Event "Titled Tuesday Blitz January 10 Early 2023"]
[White "Melian, Juan Sebastian"]
[Black "Weetik, Vjacheslav"]
[WhiteFideId "3706575"]
[BlackFideId "4153472"]
[WhiteElo "2293"]
[BlackElo "2423"]
[Result "1-0"]
[Round "03"]
[TimeControl "180+2"]
[Date "2023.01.10"]
[WhiteClock "0:00:05"]
[BlackClock "0:00:01"]

1. d4 Nf6 2. c4 g6 3. Nc3 Bg7 4. e4 d6 5. f3 O-O 6. Be3 e5 7. Nge2 c6 8. Qd2 Nbd7 9. O-O-O a6 10. d5 c5 11. Ng3 Ne8 12. Bd3 b5 13. Bh6 Nb6 14. cxb5 c4 15. Bb1 axb5 16. Nxb5 Bd7 17. Nc3 Na4 18. Bxg7 Kxg7 19. h4 h6 20. Rdf1 Qb6 21. f4 Nf6 22. h5 Ng4 23. hxg6 fxg6 24. f5 g5 25. Re1 Rab8 26. Nxa4 Bxa4 27. Qc3 Nf2 28. f6+ Rxf6 29. Nh5+ Kf7 30. Nxf6 Nxh1 31. Rxh1 Kxf6 32. Rxh6+ Kg7 33. Rh1 Qd4 34. Bc2 Re8 35. Qh3 1-0


[Site "https://www.chess.com"]

[Event "Titled Tuesday Blitz January 10 Early 2023"]
[White "Halkias, Stelios"]
[Black "Fisher_TheGalactic"]
[WhiteFideId "4201809"]
[WhiteElo "2511"]
[BlackElo "2530"]
[Result "1-0"]
[Round "03"]
[TimeControl "180+2"]
[Date "2023.01.10"]
[WhiteClock "0:00:40"]
[BlackClock "0:00:15"]

1. Nf3 d5 2. d4 e6 3. c4 Nf6 4. g3 Be7 5. Bg2 O-O 6. O-O c6 7. Nc3 Nbd7 8. Qd3 Re8 9. b3 Nf8 10. Bb2 Bd7 11. e4 dxe4 12. Nxe4 Nxe4 13. Qxe4 Rc8 14. Rfe1 Qc7 15. Rad1 Bf6 16. h4 c5 17. Ne5 Bxe5 18. dxe5 Bc6 19. Qg4 Bxg2 20. Kxg2 Rcd8 21. Rd6 Rd7 22. Kg1 Red8 23. h5 h6 24. Bc3 Nh7 25. Red1 Nf8 26. R1d3 Nh7 27. Qd1 Nf8 28. f4 Rxd6 29. exd6 Qc6 30. Qg4 g6 31. Qh4 g5 32. fxg5 Rxd6 33. Rxd6 Qxd6 34. Qg4 Qd3 35. gxh6+ Ng6 36. h7+ Kxh7 37. hxg6+ fxg6 38. Qh4+ Kg8 39. Qh8+ Kf7 40. Qf6+ Ke8 41. Qxe6+ Kf8 42. Qf6+ Ke8 43. Qe5+ Kf8 44. Qb8+ Kf7 45. Qxb7+ Ke6 46. Qd5+ Qxd5 47. cxd5+ Kxd5 48. Kf2 Ke4 49. Bf6 Kd3 50. Be7 Kc2 51. Bxc5 Kb2 52. Bxa7 Kxa2 53. b4 Kb3 54. b5 Kb4 55. b6 Ka5 56. b7 Ka6 57. b8=Q Ka5 58. Bc5 Ka4 59. Qb4# 1-0


[Site "https://www.chess.com"]

[Event "Titled Tuesday Blitz January 10 Early 2023"]
[White "Lymar, Vladislav"]
[Black "Begmuratov, Khumoyun"]
[WhiteFideId "14162180"]
[BlackFideId "14210207"]
[WhiteElo "2119"]
[BlackElo "2387"]
[Result "1-0"]
[Round "03"]
[TimeControl "180+2"]
[Date "2023.01.10"]
[WhiteClock "0:00:04"]
[BlackClock "0:00:07"]

1. e4 e5 2. Nf3 Nc6 3. g3 g6 4. Bg2 Bg7 5. O-O Nge7 6. c3 O-O 7. d4 d6 8. d5 Nb8 9. c4 a5 10. Nc3 Na6 11. Be3 b6 12. Qd2 Bg4 13. Ne1 Qd7 14. f3 Bh3 15. Nb5 Bxg2 16. Kxg2 f5 17. Nd3 Rf7 18. exf5 gxf5 19. f4 Ng6 20. h4 exf4 21. Nxf4 Ne5 22. Qe2 Re8 23. Ne6 c6 24. Nbd4 cxd5 25. cxd5 Qb7 26. Nf4 Nc5 27. Qb5 Ng4 28. Qxe8+ Rf8 29. Qxf8+ Bxf8 30. Nxf5 Qf7 31. Bxc5 Qxf5 32. Bxb6 Ne5 33. Rae1 Bh6 34. Bd4 Qc2+ 35. Rf2 Qf5 36. Bxe5 dxe5 37. Ne6 Qg4 38. Rxe5 Qb4 39. Ref5 Qd6 40. Rf8+ Bxf8 41. Rxf8+ Qxf8 42. Nxf8 Kxf8 43. Kf3 Ke7 44. Ke4 Kd6 45. Kd4 h5 46. b3 Kd7 47. a3 Kd6 48. b4 a4 49. b5 Kc7 50. Kc5 Kb7 51. d6 Kc8 52. Kc6 Kb8 53. d7 Ka7 54. b6+ Ka6 55. d8=Q 1-0


[Site "https://www.chess.com"]

[Event "Titled Tuesday Blitz January 10 Early 2023"]
[White "Goltseva, Ekaterina"]
[Black "Lewtak, Damian"]
[WhiteFideId "24173770"]
[BlackFideId "1141724"]
[WhiteElo "2283"]
[BlackElo "2381"]
[Result "0-1"]
[Round "03"]
[TimeControl "180+2"]
[Date "2023.01.10"]
[WhiteClock "0:00:02"]
[BlackClock "0:00:04"]

1. d4 g6 2. c4 Bg7 3. e4 d6 4. Nc3 e5 5. Nf3 exd4 6. Nxd4 Nc6 7. Be3 Nge7 8. Qd2 O-O 9. h4 f5 10. h5 f4 11. Nxc6 fxe3 12. Nxe7+ Qxe7 13. Qxe3 g5 14. Nd5 Qd8 15. O-O-O c6 16. Nc3 Be5 17. g3 Qf6 18. Rd2 Be6 19. h6 Kh8 20. Rh5 Rg8 21. Be2 b5 22. cxb5 cxb5 23. Nd5 Rac8+ 24. Kb1 Bxd5 25. exd5 b4 26. Bd3 Rc7 27. Qe4 Re7 28. Qf5 Bxb2 29. Qxf6+ Bxf6 30. Rh1 Bc3 31. Re2 Rxe2 32. Bxe2 Rf8 33. Rf1 Rf6 34. Bg4 Rxh6 35. Kc2 a5 36. Kb3 Rf6 37. a3 Rf8 38. axb4 axb4 39. f3 Re8 40. Be6 Ra8 41. Rh1 Kg7 42. Bf5 h6 43. f4 Rf8 44. Be6 gxf4 45. gxf4 Rxf4 46. Rg1+ Kf6 47. Rg8 h5 48. Rf8+ Ke5 49. Rh8 h4 50. Rh5+ Ke4 51. Rh6 Ke3 52. Bg8 Be5 53. Be6 Kf3 54. Rh7 Kg3 55. Rh5 Kg2 56. Rh7 Rf3+ 57. Kxb4 h3 0-1


[Site "https://www.chess.com"]

[Event "Titled Tuesday Blitz January 10 Early 2023"]
[White "Volkov, Maksim"]
[Black "Gurevich, Dmitry"]
[WhiteFideId "54123070"]
[BlackFideId "2000407"]
[WhiteElo "2258"]
[BlackElo "2393"]
[Result "0-1"]
[Round "03"]
[TimeControl "180+2"]
[Date "2023.01.10"]
[WhiteClock "0:00:04"]
[BlackClock "0:00:04"]

1. d4 Nf6 2. c4 a6 3. Nc3 c5 4. dxc5 e6 5. Na4 Ne4 6. Qd4 Qa5+ 7. Nc3 Nxc3 8. bxc3 Nc6 9. Qd3 Ne5 10. Qd4 Bxc5 11. Qd2 Nxc4 12. Qc2 Bd4 13. Bd2 Nxd2 14. Kxd2 Bxf2 15. Nf3 Bc5 16. e4 O-O 17. Bd3 h6 18. g4 d5 19. e5 f6 20. exf6 Rxf6 21. Raf1 d4 22. Ke2 Qxc3 23. Qb1 b6 24. Ne5 Qb4 25. Bh7+ Kf8 26. Rxf6+ gxf6 27. Qg6 Qb2+ 28. Kf1 fxe5 29. Qf6+ Ke8 30. Bg6+ Kd7 31. Qf7+ Be7 32. Qe8+ Kd6 33. Be4 Bd7 34. Qxa8 Bb5+ 35. Kg1 Qc1+ 36. Kg2 Qd2+ 37. Kh3 Qe3+ 38. Kg2 Qe2+ 39. Kg3 Qe3+ 40. Kg2 Qd2+ 41. Kg3 Qf4+ 42. Kg2 Qxg4+ 43. Kf2 Bh4# 0-1


[Site "https://www.chess.com"]

[Event "Titled Tuesday Blitz January 10 Early 2023"]
[White "Korchmar, Vasiliy"]
[Black "Garakov, Mikhael"]
[WhiteFideId "24131750"]
[BlackFideId "4169034"]
[WhiteElo "2438"]
[BlackElo "2447"]
[Result "0-1"]
[Round "03"]
[TimeControl "180+2"]
[Date "2023.01.10"]
[WhiteClock "0:00:02"]
[BlackClock "0:00:06"]

1. e4 c5 2. Nf3 e6 3. d4 cxd4 4. Nxd4 Nc6 5. Nc3 Qc7 6. Be2 a6 7. O-O Nf6 8. Be3 Be7 9. f4 d6 10. Bf3 O-O 11. Qe2 Re8 12. Rad1 Bf8 13. Nxc6 bxc6 14. e5 Nd5 15. exd6 Bxd6 16. g3 a5 17. Ne4 Be7 18. Bd4 a4 19. c4 Ba6 20. b3 axb3 21. axb3 Nb4 22. Qb2 Bf8 23. Qc3 Bb7 24. Nc5 Na2 25. Qe3 Rad8 26. Ra1 Nb4 27. Ra7 Nc2 28. Qf2 Nxd4 29. Nxb7 Qb6 30. Nxd8 Qxa7 31. Nxc6 Nxc6 32. Qxa7 Nxa7 33. Ra1 Nc8 34. Ra8 Bc5+ 35. Kf1 Nd6 36. Ra5 Rc8 37. Ke2 Kf8 38. Kd3 Rc7 39. Kc3 Ke7 40. Be2 Bg1 41. b4 Bxh2 42. c5 Bxg3 43. Kb3 Ne4 44. Bd3 f5 45. Bxe4 fxe4 46. Kc4 Bxf4 47. b5 e3 48. b6 e2 49. Ra1 Rc8 50. b7 Rb8 51. c6 Bg3 0-1


[Site "https://www.chess.com"]

[Event "Titled Tuesday Blitz January 10 Early 2023"]
[White "Lesbekova, Assel"]
[Black "Koellner, Ruben Gideon"]
[WhiteFideId "13713248"]
[BlackFideId "12993093"]
[WhiteElo "1772"]
[BlackElo "2426"]
[Result "0-1"]
[Round "03"]
[TimeControl "180+2"]
[Date "2023.01.10"]
[WhiteClock "0:00:05"]
[BlackClock "0:00:28"]

1. e4 d6 2. d4 Nf6 3. Nc3 e5 4. dxe5 dxe5 5. Qxd8+ Kxd8 6. Bg5 Be6 7. O-O-O+ Nd7 8. f3 Bd6 9. Nb5 Ke7 10. Ne2 a6 11. Nxd6 cxd6 12. Nc3 h6 13. Bh4 g5 14. Bf2 Rac8 15. Nd5+ Nxd5 16. exd5 Bf5 17. Bd3 Bxd3 18. Rxd3 f5 19. h4 g4 20. Rb3 b5 21. a4 Nc5 22. Bxc5 Rxc5 23. fxg4 fxg4 24. axb5 axb5 25. Rd1 Ra8 26. Kb1 Ra4 27. Rdd3 e4 28. Rd2 Kf6 29. Rg3 h5 30. b3 Ra8 31. Rf2+ Ke5 32. Rf7 Rxd5 33. Rc3 Rd1+ 34. Kb2 Raa1 35. Rc8 b4 36. Re8+ Kd4 37. c3+ bxc3+ 0-1


[Site "https://www.chess.com"]

[Event "Titled Tuesday Blitz January 10 Early 2023"]
[White "Deac, Bogdan-Daniel"]
[Black "Tania, Sachdev"]
[WhiteFideId "1226380"]
[BlackFideId "5007844"]
[WhiteElo "2700"]
[BlackElo "2389"]
[Result "1-0"]
[Round "03"]
[TimeControl "180+2"]
[Date "2023.01.10"]
[WhiteClock "0:00:07"]
[BlackClock "0:00:02"]

1. b3 d5 2. Bb2 Nf6 3. e3 c6 4. Nf3 Bf5 5. Nh4 Bg6 6. Nxg6 hxg6 7. g3 e6 8. Bg2 Nbd7 9. d3 Bd6 10. Nd2 Qe7 11. a3 O-O-O 12. Qe2 e5 13. b4 Kb8 14. Nb3 Nb6 15. Rc1 Na4 16. Ba1 e4 17. Bd4 Be5 18. c3 exd3 19. Qxd3 Ne4 20. Na5 Nd6 21. O-O Nb2 22. Qe2 Nbc4 23. Nxc4 Nxc4 24. e4 Bxd4 25. cxd4 Nxa3 26. Qb2 Nb5 27. exd5 cxd5 28. Rc5 Nc7 29. Ra1 a6 30. b5 Nxb5 31. Bf1 Rc8 32. Rxd5 Nc7 33. Re5 Qd6 34. Rb1 Nb5 35. Bxb5 axb5 36. Rxb5 Kc7 37. Rb6 Qd5 38. Rxb7+ Kd8 39. Qb4 Rc7 40. Rb8+ Rc8 41. Rxc8+ 1-0


[Site "https://www.chess.com"]